 Dungeon Crawl Stone Soup version 0.26-a0-1147-g3780a7a11b (webtiles) character file.

Game seed: 9143080631914557778

252 mhtbhm the Shield-Bearer (level 5, 0/47 HPs)
             Began as a Minotaur Fighter on Dec 22, 2020.
             Killed from afar by Dowan (23 damage)
             ... with a shard of ice
             ... on level 4 of the Dungeon.
             The game lasted 00:05:22 (2620 turns).

mhtbhm the Shield-Bearer (Minotaur Fighter)         Turns: 2620, Time: 00:05:22

Health: 0/47       AC: 13    Str: 22    XL:     5   Next: 89%
Magic:  4/4        EV:  4    Int:  5    God:
Gold:   114        SH: 10    Dex:  9    Spells: 4/4 levels left

rFire    . . .     SeeInvis +   a - +1 war axe
rCold    . . .     Faith    .   c - +0 kite shield
rNeg     + . .     Spirit   .   b - +0 plate armour
rPois    .         Reflect  .   (helmet restricted)
rElec    .         Harm     .   o - +0 cloak (curse)
rCorr    .         Rampage  .   (no gloves)
Will     .....                  (no boots)
Stlth    ..........             (no amulet)
HPRegen  0.15/turn              d - ring of see invisible
MPRegen  0.09/turn              j - ring of positive energy

@: no status effects
A: retaliatory headbutt, horns 2
a: no special abilities


You were on level 4 of the Dungeon.
You visited 1 branch of the dungeon, and saw 4 of its levels.

You collected 114 gold pieces.

Inventory:

Hand Weapons
 a - a +1 war axe (weapon)
Armour
 b - a +0 plate armour (worn)
 c - a +0 kite shield (worn)
 o - a cursed +0 cloak (worn)
Jewellery
 d - a ring of see invisible (left hand)
 j - a ring of positive energy (right hand)
Wands
 h - a wand of acid (8)
Scrolls
 e - 2 scrolls of enchant armour
 k - a scroll of fear
 l - a scroll of teleportation
 m - a scroll of fog
 n - a scroll of remove curse
Potions
 f - a potion of curing
 g - 2 potions of attraction
 i - a potion of ambrosia


   Skills:
 + Level 4.7 Fighting
 + Level 4.9 Axes
 + Level 4.6 Armour
 + Level 0.8 Dodging
 + Level 5.0 Shields


You had 4 spell levels left.
You didn't know any spells.
Your spell library contained the following spells:

 Spells                   Type           Power        Failure   Level
 Corona                   Hex            0%           100%        1
 Ensorcelled Hibernation  Hex/Ice        0%           100%        2
 Confusing Touch          Hex            0%           100%        3
 Dazzling Flash           Conj/Hex       0%           100%        3
 Tukima's Dance           Hex            0%           100%        3


Dungeon Overview and Level Annotations

Branches:
Dungeon (4/15)
 Temple: D:4-7

Altars:
Okawaru
Uskayaw
Vehumet
Wu Jian
Xom

Annotations:
D:4 Dowan, Robin


Innate Abilities, Weirdness & Mutations

You reflexively headbutt those who attack you in melee.
You have a pair of horns on your head.


Message History

Dowan shouts!
Robin hits you from afar with a +0 spear.
Duvessa hits you with a +0 rapier. You block Robin's attack.
Unknown command.
You slash Duvessa! You headbutt Duvessa.
You kill Duvessa!
Dowan screams, "No!
Oh no!"
Dowan seems to find hidden reserves of power!
You block Robin's attack.
Your Shields skill increases to level 5!
Unknown command.
Robin hits you but does no damage.
Items here: ))) [ ††.
You feel better. Robin hits you with a +0 spear. You block Dowan's attack.
You hit Robin.
Robin is lightly wounded.
You hit Dowan. You block Dowan's attack. You block Robin's attack.
Dowan gestures at you while chanting. The shard of ice hits you!!
You die...

#.####.#.##.........#
#.# #.#.##....#######
#.. ....##..#.......#
###
####.##..#..####.#
#.##........#.#
#.###.........### #.
###.).)......
#####.#.).#####
......)@).#
#####.#ge## #.#..# #
#..# #... ..... #...#
....#


You could see Dowan (fast) and Robin.

Vanquished Creatures
  Duvessa (D:4)
  Terence (D:2)
  3 adders
  An ooze (D:3)
  2 worms
  3 dart slugs (D:2)
  3 leopard geckos
  An orc (D:3)
  A giant cockroach (D:3)
  10 hobgoblins
  3 jackals (D:2)
  8 kobolds
  3 quokkas
  A ball python (D:3)
  5 bats
  3 frilled lizards
  17 goblins
  10 rats
76 creatures vanquished.

Notes
Turn   | Place    | Note
-------+----------+-------------------------------------------
     0 | D:1      | mhtbhm the Minotaur Fighter began the quest for the Orb.
     0 | D:1      | Reached XP level 1. HP: 19/19 MP: 0/0
   179 | D:1      | Reached XP level 2. HP: 27/27 MP: 1/1
   469 | D:1      | Reached skill level 4 in Shields
   690 | D:2      | Found a shimmering altar of Xom.
   692 | D:2      | Found a radiant altar of Vehumet.
   752 | D:2      | Reached XP level 3. HP: 31/33 MP: 2/2
   772 | D:2      | Noticed Terence
   782 | D:2      | Killed Terence
   786 | D:2      | Reached XP level 4. HP: 20/40 MP: 3/3
   930 | D:2      | Found a hide-covered altar of Uskayaw.
  1908 | D:3      | Found an iron altar of Okawaru.
  1984 | D:3      | Found an ornate altar of the Wu Jian Council.
  2597 | D:4      | Noticed Robin
  2601 | D:4      | Noticed Duvessa
  2603 | D:4      | Reached XP level 5. HP: 43/47 MP: 4/4
  2615 | D:4      | Noticed Dowan
  2617 | D:4      | Killed Duvessa
  2618 | D:4      | Reached skill level 5 in Shields
  2620 | D:4      | Killed from afar by Dowan

Illustrated notes

Levels and vault maps discovered:
D:1:      minmay_arrival_nine_rooms, layout_rooms
D:2:      layout_basic, nicolae_overflow_hidden_temple, lemuel_tele_altar,
          uniq_terence
D:3:      kennysheep_big_flooded_room, layout_basic,
          lemuel_coloured_pillars_altar, general_overflow_altar,
          grunt_ministairs_10, minmay_fractal_squares_gapless_5
D:4:      layout_basic, gup_sewer_entry_bowl, kennysheep_generic_room_12,
          uniq_grinder, uniq_robin, uniq_duvessa

Skill      XL: |  1  2  3  4  5 |
---------------+----------------+-----
Shields        | 4 5 |  5.0
Fighting       | 4 |  4.7
Armour         | 4 |  4.6
Axes           | 3 4 |  4.9
Dodging        | |  0.8

Action                   |  1- 3 |  4- 6 || total
-------------------------+-------+-------++-------
Melee: War axe           |    57 |    82 ||   139
       Headbutt          |    10 |    10 ||    20
  Use: Potion            |     2 |     1 ||     3
       Scroll            |       |     9 ||     9
Armor: Scale mail        |    14 |     5 ||    19
       Plate armour      |       |    39 ||    39
       Ring mail         |       |     1 ||     1
Dodge: Dodged            |    20 |    18 ||    38
Block: Kite shield       |    40 |    58 ||    98

Table legend: (Time is in decaauts)
 A = Elapsed time spent in this place.
 B = Non-inter-level travel time spent in this place.
 C = Inter-level travel time spent in this place.
 D = Time resting spent in this place.
 E = Time spent auto-exploring this place.
 F = Levels seen in this place.
 G = Mean time per level.
                   A        B        C        D        E       F      G
               +--------+--------+--------+--------+--------+-----+--------+
         Total |   2676 |   2648 |     28 |    226 |   1724 |   4 |  669.0 |
       Dungeon |   2676 |   2648 |     28 |    226 |   1724 |   4 |  669.0 |
               +--------+--------+--------+--------+--------+-----+--------+

Top non-repeatable levels by time:
     D:3: 1153 daAuts
     D:2: 953 daAuts
     D:1: 496 daAuts
     D:4: 73 daAuts
